 Dungeon Crawl Stone Soup version 0.29-a0-617-g7a6b98fccd (webtiles) character file.

Game seed: 5629312559449877932

86 enile the Ducker (level 5, 0/61 HPs)
             Began as a Meteoran Air Elementalist on June 18, 2022.
             Succumbed to an orc priest's poison
             ... on level 2 of the Dungeon.
             The game lasted 00:03:45 (1287 turns).

enile the Ducker (Meteoran Air Elementalist)        Turns: 1287, Time: 00:03:46

Health: 0/61       AC:  2    Str:  5      XL:     5   Next: 7%
Magic:  11/11      EV: 14    Int: 17 (18) God:
Gold:   97         SH:  0    Dex: 20 (21) Spells: 8/11 levels left

rFire   . . .      SeeInvis .   j - +11 spear of Sharkskin {pain, Str-4 Dex+6}
rCold   . . .      Faith    .   (no shield)
rNeg    . . .      Spirit   .   a - +0 robe
rPois   .          Reflect  .   (no helmet)
rElec   .          Harm     .   (no cloak)
rCorr   .          Rampage  .   (no gloves)
Will    .....                   (no boots)
Stlth   ..........              (no amulet)
HPRegen 0.20/turn               (no ring)
MPRegen 0.12/turn               (no ring)

@: berserking, lethally poisoned (0 -> -15), attractive, glowing, very quick
A: sense surroundings 1, otherworldly, glowing, explore regen
a: no special abilities


You were on level 2 of the Dungeon.
You visited 1 branch of the dungeon, and saw 3 of its levels.

You collected 97 gold pieces.

Inventory:

Hand Weapons
 c - a +0 club
 d - a +0 dagger
 j - the +11 spear of Sharkskin (weapon) {pain, Str-4 Dex+6}
   (You found it on level 2 of the Dungeon)

   In the hands of one skilled in necromantic magic, it inflicts extra damage on
   living creatures.
   Str:       It affects your strength (-4).
   Dex:       It affects your dexterity (+6).
Armour
 a - a +0 robe (worn)
Scrolls
 f - a scroll of fear {unknown}
 g - a scroll of teleportation {unknown}
 h - 2 scrolls of identify
 k - a scroll of immolation {unknown}
Potions
 i - a potion of curing {unknown}


   Skills:
 - Level 2.0 Fighting
 - Level 4.0 Dodging
 - Level 1.4 Stealth
 + Level 3.6 Spellcasting
 - Level 1.2 Conjurations
 - Level 4.0 Air Magic


You had 8 spell levels left.
You knew the following spells:

 Your Spells              Type           Power      Damage    Failure   Level
a - Shock                 Conj/Air       44%        1d5       5%          1
b - Static Discharge      Conj/Air       11%        N/A       9%          2

Your spell library contained the following spells:

 Spells                   Type           Power      Damage    Failure   Level
 Swiftness                Air            16%        N/A       10%         3
 Airstrike                Air            8%         N/A       32%         4
 Anguish                  Hex/Necr       1%         N/A       86%         4
 Agony                    Necr           3%         N/A       99%         5
 Death Channel            Necr           1%         N/A       100%        6


Dungeon Overview and Level Annotations

Branches:
Dungeon (3/15) Zot: 506

Altars:


Innate Abilities, Weirdness & Mutations

You passively map a small area around you.
You are easily found by Zot.
You glow in the dark.
You regain HP and MP as you explore.


Message History

There is a stone staircase leading up, spattered with blood here.
You feel very sick. The orc priest barely misses you.
The orc hits you with a +0 club.
You climb upwards.
You feel very sick.
There is a stone staircase leading down here.
Okay, then.
The orc priest attacks as you move away!
The orc priest closely misses you.
You feel sick. The orc priest completely misses you.
The orc hits you with a +0 club.
You feel sick.
You hit the orc. Your punch misses the orc.
The orc is almost dead.
You feel sick. The orc priest completely misses you.
The orc closely misses you.
You puncture the orc!
You kill the orc!
You feel sick.
The orc priest hits you from afar with a +2 trident of venom.
Reach: j) +11 spear of Sharkskin {pain, Str-4 Dex+6}
Press: ? - help, Dir - move target, f - orc priest
Aim: an orc priest, wielding a +2 trident of venom and wearing a +0 chain mail (about 22% to evade the +11 spear of Sharkskin)
You reach to attack!
You hit the orc priest but do no damage.
You feel sick.
The orc priest hits you from afar with a +2 trident of venom!
* * * LOW HITPOINT WARNING * * *
You are lethally poisoned!
It was a potion of attraction.
You feel attractive to monsters.
* * * LOW HITPOINT WARNING * * *
You feel sick.
The orc priest hits you from afar with a +2 trident of venom.
* * * LOW HITPOINT WARNING * * *
You are more poisoned.
The orc priest is attracted toward you.
It was a potion of berserk rage.
A red film seems to cover your vision as you go berserk!
You feel yourself moving faster!
You feel mighty!
You die...

..# ##.##
########......#.#
#.#######.#.##
###......#
#........###.####
#.###### #######.##
##...# #.#
##.###.##.# ##.##
##.#.###.## #...#
######.## #.§# #...#
# ###.....## ##o#
#.[.# ###.....#.# #@#
#####...#####
.##...).#.#
###.###...........##
###.....#.#
##.#...÷...)........#
# #.....#.#
#.#...##............#
# #.....#.#
##.##.####.#....###.#
# ###.....# #.##.#
#.#....# #.# #
###.###
#.##.####.#....# #.#
# #.#
#.......#.#....# #.#
# #.#
#.##.#.........###.#


You could see an orc priest.

Vanquished Creatures
  A gnoll (D:1)
  2 adders (D:2)
  A worm (D:2)
  A dart slug (D:2)
  An orc (D:2)
  5 ball pythons
  4 endoplasms
  2 giant cockroaches
  7 goblins
  5 hobgoblins
  3 jackals (D:1)
  A quokka (D:1)
  6 bats
  4 frilled lizards (D:1)
  2 kobolds
  4 rats
49 creatures vanquished.

Notes
Turn   | Place    | Note
-------+----------+-------------------------------------------
     0 | D:1      | enile the Meteoran Air Elementalist began the quest for the
                  | Orb.
     0 | D:1      | Reached XP level 1. HP: 14/14 MP: 5/5
    69 | D:1      | Reached skill level 1 in Fighting
    77 | D:1      | Reached XP level 2. HP: 16/23 MP: 0/6
   169 | D:1      | Got the Almanac of Darkness
   222 | D:1      | Reached XP level 3. HP: 6/29 MP: 8/8
   495 | D:1      | Glimpsed the power of Zot.
   585 | D:2      | Reached XP level 4. HP: 30/36 MP: 1/9
   588 | D:2      | Learned a level 2 spell: Static Discharge
  1038 | D:2      | Identified the +11 spear of Sharkskin {pain, Str-4 Dex+6}
  1093 | D:2      | Reached XP level 5. HP: 41/41 MP: 11/11
  1095 | D:2      | Glimpsed the power of Zot.
  1286 | D:2      | HP: 1/41 [orc priest/+2 trident of venom (4)]
  1287 | D:2      | Succumbed to an orc priest's poison

Illustrated notes

Levels and vault maps discovered:
D:1:      sevenhm_arrival_forest_fort_large_2, layout_loops_ring,
          dilly_ecumenical_altar_fadedgnrine
D:2:      layout_loops_cross, feat_on_display
D:3:      layout_loops_ring, chequers_serial_rivers_micro_b,
          minmay_pentomino_pile, uniq_grinder, uniq_crazy_yiuf_cottage

Skill      XL: |  1  2  3  4 |
---------------+-------------+-----
Fighting       | 1 2 |  2.0
Dodging        | 3 4 |  4.0
Spellcasting   | 3 |  3.6
Air Magic      | 4 |  4.0
Stealth        | |  1.4
Conjurations   | |  1.2

Action                   |  1- 3 |  4- 6 || total
-------------------------+-------+-------++-------
Melee: Club              |    19 |       ||    19
       Unarmed           |     1 |       ||     1
       Dagger            |    17 |    15 ||    32
       Spear             |       |    11 ||    11
 Cast: Shock             |    57 |    30 ||    87
       Static Discharge  |       |     6 ||     6
  Use: Potion            |     2 |     2 ||     4
       Scroll            |     1 |       ||     1
 Stab: Sleeping          |     1 |       ||     1
Armor: Robe              |    16 |     8 ||    24
Dodge: Dodged            |    40 |    24 ||    64

Table legend: (Time is in decaauts)
 A = Elapsed time spent in this place.
 B = Non-inter-level travel time spent in this place.
 C = Inter-level travel time spent in this place.
 D = Time resting spent in this place.
 E = Time spent auto-exploring this place.
 F = Levels seen in this place.
 G = Mean time per level.
                   A        B        C        D        E       F      G
               +--------+--------+--------+--------+--------+-----+--------+
         Total |   1293 |   1177 |    116 |      0 |    761 |   3 |  431.0 |
       Dungeon |   1293 |   1177 |    116 |      0 |    761 |   3 |  431.0 |
               +--------+--------+--------+--------+--------+-----+--------+

Top non-repeatable levels by time:
     D:1: 645 daAuts
     D:2: 644 daAuts
     D:3: 4 daAuts
